 Dungeon Crawl Stone Soup version 0.28.0 (webtiles) character file.

Game seed: 12604140753844946426

348 themarg the Poker (level 6, -4/55 HPs)
             Began as a Minotaur Monk on Feb 19, 2022.
             Was a Priest of the Shining One.
             Slain by an orc warrior (13 damage)
             ... on level 3 of the Dungeon.
             The game lasted 00:08:58 (2987 turns).

themarg the Poker (Minotaur Monk)                   Turns: 2987, Time: 00:08:59

Health: -4/55      AC:  6    Str: 17    XL:     6   Next: 33%
Magic:  5/5        EV: 11    Int:  7    God:    the Shining One [***...]
Gold:   176        SH:  0    Dex: 13    Spells: 5/5 levels left

rFire   . . .      SeeInvis .   a - +0 spear
rCold   . . .      Faith    .   (no shield)
rNeg    + . .      Spirit   .   i - +0 scale mail
rPois   .          Reflect  .   (helmet restricted)
rElec   .          Harm     .   (no cloak)
rCorr   .          Rampage  .   (no gloves)
Will    .....                   (no boots)
Stlth   ..........              (no amulet)
HPRegen 0.18/turn               (no ring)
MPRegen 0.09/turn               (no ring)

@: glowing
A: horns 2, retaliatory headbutt
a: Renounce Religion, Divine Shield, Cleansing Flame


You were on level 3 of the Dungeon.
You worshipped the Shining One.
The Shining One was most pleased with you.
You visited 1 branch of the dungeon, and saw 4 of its levels.

You collected 176 gold pieces.

Inventory:

Hand Weapons
 a - a +0 spear (weapon)
Armour
 i - a +0 scale mail (worn)
Jewellery
 b - a +4 ring of protection
Scrolls
 c - 2 scrolls of identify
 d - a scroll of vulnerability {unknown}
 e - 2 scrolls of teleportation
 f - a scroll of noise {unknown}
 g - a scroll of amnesia {unknown}
 h - a scroll of silence {unknown}
 k - 2 scrolls of brand weapon {unknown}
 m - a scroll of blinking {unknown}
Potions
 j - a potion of resistance
 l - a potion of heal wounds {unknown}
 n - a potion of attraction {unknown}


   Skills:
 + Level 4.8 Fighting
 + Level 6.8 Polearms
 + Level 2.3 Armour
 + Level 4.2 Dodging
 + Level 1.8 Stealth


You had 5 spell levels left.
You didn't know any spells.
Your spell library contained the following spells:

 Spells                   Type           Power      Damage    Failure   Level
 Sandblast                Erth           0%         2d4       83%         1
 Passwall                 Tmut/Erth      0%         N/A       93%         2
 Stone Arrow              Conj/Erth      0%         3d7       99%         3


Dungeon Overview and Level Annotations

Branches:
Dungeon (4/15)
 Temple: D:4-7

Altars:
The Shining One


Innate Abilities, Weirdness & Mutations

You have a pair of horns on your head.
You reflexively headbutt those who attack you in melee.


Message History

You headbutt the orc warrior, but do no damage.
You hit the orc warrior but do no damage.
The orc wizard hits you with a +0 dagger.
You hit the orc warrior.
The orc warrior is lightly wounded.
The orc warrior hits you with a +0 dire flail!
The orc wizard gestures at you while chanting.
The magic dart hits you.
You hit the orc warrior but do no damage.
You headbutt the orc warrior, but do no damage.
The orc warrior is lightly wounded.
The orc warrior hits you with a +0 dire flail!
The orc wizard hits you with a +0 dagger.
There is a stone staircase leading up here.
The orc warrior closely misses you. You furiously retaliate!
You headbutt the orc warrior.
You climb upwards.
Reactivating autopickup.
There is a stone staircase leading down here.
You hit the orc warrior but do no damage.
The orc warrior is moderately wounded.
The orc warrior hits you with a +0 dire flail.
You hit the orc warrior but do no damage.
The orc warrior is moderately wounded.
The orc warrior barely misses you. You furiously retaliate!
You headbutt the orc warrior!
You hit the orc warrior but do no damage.
Your headbutt misses the orc warrior.
The orc warrior is severely wounded.
You hit the orc warrior. You headbutt the orc warrior.
The orc warrior is almost dead.
The orc warrior barely misses you.
You hit the orc warrior but do no damage.
The orc warrior is severely wounded.
The orc warrior hits you with a +0 dire flail!
* * * LOW HITPOINT WARNING * * *
You hit the orc warrior.
The orc warrior is almost dead.
The orc warrior hits you with a +0 dire flail!
You die...

#.# #.....# #. #.# #..#### #.
#.# #..# #. ## #.# #..# #. .#
#.# #..# #. .# #.#####..# #.
.# #.##....[# #. .########
#.##o###.# #. [.......#
#.##@##..# #. .######.#
#.##.##.## #. .# #.#
#.##.##.# #. .# #.#
#.##.##.######### ## .####
#.#####.##.##.........# #
....###.......##.##########.#
........########.# #.#
###.###.# #.# ### ##.##
###.###.# #.###.#####...####


You could see an orc warrior.

Vanquished Creatures
  Pargi (D:3)
  3 orc priests
  A hound (D:3)
  2 iguanas (D:4)
  2 adders
  2 worms
  5 orcs
  6 endoplasms
  A giant cockroach (D:1)
  4 goblins
  6 hobgoblins
  4 jackals (D:3)
  4 kobolds
  A quokka (D:1)
  4 ball pythons
  4 bats (D:1)
  5 rats
55 creatures vanquished.

Notes
Turn   | Place    | Note
-------+----------+-------------------------------------------
     0 | D:1      | themarg the Minotaur Monk began the quest for the Orb.
     0 | D:1      | Reached XP level 1. HP: 19/19 MP: 0/0
   113 | D:1      | Found a faded altar of an unknown god.
   126 | D:1      | Prayed at the altar of an unknown god.
   126 | D:1      | Became a worshipper of the Shining One
   126 | D:1      | Reached * piety under the Shining One
   126 | D:1      | Reached ** piety under the Shining One
   368 | D:1      | Reached XP level 2. HP: 27/27 MP: 1/1
   468 | D:1      | Reached skill level 4 in Polearms
   933 | D:2      | Reached *** piety under the Shining One
   983 | D:2      | Reached XP level 3. HP: 28/33 MP: 2/2
  1105 | D:2      | Reached XP level 4. HP: 33/40 MP: 3/3
  1582 | D:2      | Reached skill level 5 in Polearms
  2267 | D:3      | Noticed Pargi
  2286 | D:3      | Killed Pargi
  2287 | D:3      | Reached skill level 6 in Polearms
  2287 | D:3      | Reached skill level 1 in Armour
  2287 | D:3      | Reached XP level 5. HP: 32/47 MP: 4/4
  2811 | D:4      | Reached XP level 6. HP: 43/53 MP: 5/5
  2919 | D:4      | Noticed an orc warrior
  2987 | D:3      | Slain by an orc warrior

Illustrated notes

Levels and vault maps discovered:
D:1:      dpeg_arrival_another_circle, layout_basic,
          chequers_ecumenical_altar_simple, minmay_misc_feat_ornament,
          hangedman_feature_mirror, chequers_serial_rivers_micro_a
D:2:      layout_rooms, serial_glass, glass_columns_a, glass_columns_c,
          minmay_strange_pillars, item_on_display_a, grunt_decor_mini_mirrors
D:3:      layout_loops_ring, uniq_pargi
D:4:      layout_basic

Skill      XL: |  1  2  3  4  5 |
---------------+----------------+-----
Fighting       | 4 |  4.8
Polearms       | 4 6 |  6.8
Armour         | 1 2 |  2.3
Dodging        | 4 |  4.2
Stealth        | |  1.8

Action                   |  1- 3 |  4- 6 || total
-------------------------+-------+-------++-------
Melee: Spear             |    70 |   109 ||   179
       Headbutt          |     6 |    31 ||    37
       Punch             |       |     2 ||     2
  Use: Scroll            |       |     1 ||     1
Armor: Robe              |     5 |       ||     5
       Scale mail        |       |    34 ||    34
Dodge: Dodged            |    33 |    50 ||    83
